 Dungeon Crawl Stone Soup version 0.28.0-45-g0d030f2227 (webtiles) character file.

Game seed: 13546326177821145143

59 Saba the Sneak (level 3, -1/16 HPs)
             Began as a Spriggan Enchanter on Apr 4, 2022.
             Slain by an iguana (12 damage)
             ... on level 2 of the Dungeon.
             The game lasted 00:04:03 (3249 turns).

Saba the Sneak (Spriggan Enchanter)                 Turns: 3249, Time: 00:04:03

Health: -1/16      AC:  3    Str:  4    XL:     3   Next: 78%
Magic:  8/8        EV: 17    Int: 18    God:
Gold:   67         SH:  0    Dex: 15    Spells: 7/7 levels left

rFire   . . .      SeeInvis +   n - +1 dagger (vamp)
rCold   . . .      Faith    .   (no shield)
rNeg    . . .      Spirit   .   b - +1 robe
rPois   .          Reflect  .   (helmet restricted)
rElec   .          Harm     .   (no cloak)
rCorr   .          Rampage  .   (gloves unavailable)
Will    .....                   (boots unavailable)
Stlth   ++++......              i - amulet of regeneration
HPRegen 0.85/turn               (no ring)
MPRegen 0.11/turn               (no ring)

@: very quick
A: very small, no large weapons, unfitting armour, see invisible, speed 3
a: no special abilities


You were on level 2 of the Dungeon.
You visited 1 branch of the dungeon, and saw 2 of its levels.

You collected 67 gold pieces.

Inventory:

Hand Weapons
 n - a +1 vampiric dagger (weapon)
Armour
 b - a +1 robe (worn)
Jewellery
 i - an amulet of regeneration (around neck)
Potions
 c - a potion of invisibility
 d - a potion of lignification {unknown}
 h - a potion of degeneration {unknown}
 j - a potion of heal wounds {unknown}
 l - 2 potions of flight
 m - a potion of cancellation {unknown}


   Skills:
 - Level 1.1 Short Blades
 - Level 2.6 Dodging
 + Level 7.4 Stealth
 - Level 2.6 Spellcasting
 - Level 3.6 Hexes


You had 7 spell levels left.
You didn't know any spells.
Your spell library contained the following spells:

 Spells                   Type           Power      Damage    Failure   Level
 Ensorcelled Hibernation  Hex/Ice        16%        N/A       12%         2
 Confusing Touch          Hex            15%        N/A       12%         3
 Tukima's Dance           Hex            15%        N/A       12%         3
 Dazzling Flash           Conj/Hex       16%        N/A       24%         3
 Scorch                   Fire           4%         2d5       26%         2
 Ignite Poison            Fire/Tmut/Pois 2%         N/A       45%         3
 Mephitic Cloud           Conj/Pois/Air  2%         N/A       45%         3
 Flame Wave               Conj/Fire      2%         2d4       86%         4
 Freezing Cloud           Conj/Ice/Air   1%         6-21      99%         5
 Summon Cactus Giant      Summ           1%         N/A       100%        6


Dungeon Overview and Level Annotations

Branches:
Dungeon (2/15)

Altars:
Qazlal


Innate Abilities, Weirdness & Mutations

You are very small and have problems with some larger weapons.
You are too small for most types of armour.
You have supernaturally acute eyesight. (SInv)
You cover ground extremely quickly. (Speed+++)


Message History

The iguana bites you but does no damage.
You barely miss the iguana.
The iguana is lightly wounded.
You hit the iguana but do no damage.
The iguana is lightly wounded.
The iguana barely misses you.
You hit the iguana but do no damage.
The iguana is lightly wounded.
The iguana bites you but does no damage.
You hit the iguana.
The iguana is moderately wounded.
The iguana misses you.
You hit the iguana.
The iguana is moderately wounded.
The iguana bites you!
Ouch! That really hurt!
You are too injured to fight recklessly!
You are too injured to fight recklessly!
You are too injured to fight recklessly!
There is a stormy altar of Qazlal here.
You hit the iguana but do no damage.
The iguana is moderately wounded.
The iguana misses you.
You hit the iguana but do no damage.
The iguana is moderately wounded.
The iguana barely misses you.
You hit the iguana but do no damage.
The iguana is moderately wounded.
The iguana bites you but does no damage.
You closely miss the iguana.
The iguana is moderately wounded.
The iguana bites you!
You barely miss the iguana.
The iguana is moderately wounded.
The iguana bites you.
You are too injured to fight recklessly!
You are too injured to fight recklessly!
The iguana bites you!
Ouch! That really hurt!
You die...

#.....# #######>....#
##########...........#
#.......l..#####.....# ######
#......##### #.....# #....#
#.....## #.....# #....#####
#.._l.##### ##.#### #....#....
........[.#######l######....#....
......###.......@...........#....
.################.####.#.........
............####..####.#.........
###########........<.........####
..# #...........###.........# #.#
#..................##.###### #.#
#.......###.####...##.......
#.####.......#...# ###.##.......
......#######..### ##.#........


You could see an iguana.

Vanquished Creatures
  A worm (D:2)
  3 dart slugs (D:1)
  2 ball pythons
  2 bats
  4 endoplasms (D:1)
  6 goblins
  4 hobgoblins
  3 jackals (D:2)
  2 quokkas (D:1)
  4 frilled lizards
  6 kobolds
  10 rats
47 creatures vanquished.

Notes
Turn   | Place    | Note
-------+----------+-------------------------------------------
     0 | D:1      | Saba the Spriggan Enchanter began the quest for the Orb.
     0 | D:1      | Reached XP level 1. HP: 9/9 MP: 5/5
   161 | D:1      | Reached skill level 5 in Stealth
   427 | D:1      | Reached XP level 2. HP: 8/13 MP: 6/6
   739 | D:1      | Reached skill level 6 in Stealth
  1102 | D:1      | Reached XP level 3. HP: 10/16 MP: 8/8
  2398 | D:2      | Found a stormy altar of Qazlal.
  2430 | D:2      | Reached skill level 7 in Stealth
  3249 | D:2      | Slain by an iguana

Illustrated notes

Levels and vault maps discovered:
D:1:      tarquinn_simple_flora_water_e, layout_loops_corners,
          minmay_tetromino_i4
D:2:      layout_rooms, basic_altar

Skill      XL: |  1  2  3 |
---------------+----------+-----
Stealth        | 5 6 7 |  7.4
Short Blades   | |  1.1
Dodging        | |  2.6
Spellcasting   | |  2.6
Hexes          | |  3.6

Action                   || total
-------------------------++-------
Melee: Dagger            ||   198
       Punch             ||     3
  Use: Scroll            ||     4
 Stab: Sleeping          ||    15
Armor: Robe              ||    13
Dodge: Dodged            ||   134
